 Dungeon Crawl Stone Soup version 0.28-b1-25-g9875b3fc8c (webtiles) character file.

Game seed: 12832474252152083210

120 Fingolfin the Skirmisher (level 5, -1/40 HPs)
             Began as a Djinni Fire Elementalist on Feb 2, 2022.
             Was a Believer of Ashenzari.
             Slain by a gnoll (5 damage)
             ... on level 2 of the Dungeon.
             The game lasted 00:12:26 (2114 turns).

Fingolfin the Skirmisher (Djinni Fire Elementalist) Turns: 2114, Time: 00:12:27

Health: -1/40      AC:  7    Str:  9    XL:     5   Next: 25%
Gold:   90         EV:  9    Int: 17    God:    Ashenzari [**....] SH:  0 Dex: 13

rFire   + + .      SeeInvis +   b - +2 dagger of Apeoromancy {drain, Melee, Fort} (curse)
rCold   x . .      Faith    .   (no shield)
rNeg    . . .      Spirit   .   h - +0 scale mail of Supernal Gnosis {Evo, Cun} (curse)
rPois   ∞          Reflect  .   (no helmet)
rElec   .          Harm     .   f - +0 cloak "Tethered Together" {Cun, Melee} (curse)
rCorr   .          Rampage  .   (no gloves)
Will    .....                   (boots unavailable)
Stlth   +.........              (no amulet)
HPRegen 0.13/turn               (no ring)
MPRegen 0.00/turn               (no ring)

@: flying
A: sickness immunity, fire resistance 2, cold vulnerability 1, float, innate
caster, HP casting, extra vitality 1
a: Renounce Religion, Shatter the Chains


You were on level 2 of the Dungeon.
You worshipped Ashenzari.
Ashenzari was pleased with you.
You visited 1 branch of the dungeon, and saw 2 of its levels.

You collected 90 gold pieces.

Inventory:

Hand Weapons
 a - a +2 quarterstaff of chaos
 b - the cursed +2 dagger of Apeoromancy (weapon) {drain, Melee, Fort}
   (You found it on level 1 of the Dungeon)

   A truly terrible weapon, it drains the life of any living foe it strikes.
   It has a curse which improves the following skills: Melee Combat: Short
   Blades, Long Blades, Axes, Maces & Flails, Polearms, Staves and Unarmed
   Combat.
   Fortitude: Armour and Shields.
 k - a +1 dagger of venom
 l - a +2 vorpal mace
Missiles
 c - 5 boomerangs
Armour
 f - the cursed +0 cloak "Tethered Together" (worn) {Cun, Melee}
   (You took it off Crazy Yiuf on level 2 of the Dungeon)

   It has a curse which improves the following skills: Cunning: Dodging and
   Stealth.
   Melee Combat: Short Blades, Long Blades, Axes, Maces & Flails, Polearms,
   Staves and Unarmed Combat.
 h - the cursed +0 scale mail of Supernal Gnosis (worn) {Evo, Cun}
   (You found it on level 1 of the Dungeon)

   It has a curse which improves the following skills: Evocations: Evocations.
   Cunning:   Dodging and Stealth.
Scrolls
 g - 2 scrolls of identify
 n - a scroll of enchant weapon
Potions
 d - a potion of attraction
 e - a potion of cancellation
 i - a potion of lignification
 m - a potion of mutation


   Skills:
 * Level 3.6 Fighting
 + Level 0.4(1.2) Short Blades
 - Level 2.2(3.7) Dodging
 - Level 1.5(2.9) Stealth
 + Level 3.0 Spellcasting


You couldn't memorise any spells.
You knew the following spells:

 Your Spells              Type           Power      Damage    Failure   Level
a - Foxfire               Conj/Fire      48%        2x1d6     41%         1
b - Scorch                Fire           24%        2d6       54%         2
c - Conjure Flame         Conj/Fire      12%        6-21      78%         3
d - Inner Flame           Hex/Fire       12%        N/A       78%         3
e - Flame Wave            Conj/Fire      12%        2d6       99%         4
f - Sandblast             Erth           24%        2d8       41%         1
g - Blink                 Tloc           24%        N/A       54%         2
Your spell library was empty.

Dungeon Overview and Level Annotations

Branches:
Dungeon (2/15)

Altars:
Ashenzari
Vehumet


Innate Abilities, Weirdness & Mutations

You are immune to sickness and miasma.
You are immune to poison.
Your flesh is very heat resistant. (rF++)
You are vulnerable to cold. (rC-)
You float through the air rather than walking.
You learn spells naturally, not from books.
Your magical power is your life essence.
You have superior vitality. (+4 MHP)


Message History

The foxfire hits the gnoll.
The gnoll is moderately wounded.
The gnoll shouts!
Your magical contamination has completely faded away.
Something unseen opens the door.
The gnoll hits you with a +0 whip! The gnoll hits you with a +0 whip.
The gnoll hits you with a +0 whip.
The gnoll shouts!
A hobgoblin comes into view.
The hobgoblin shouts!
The gnoll hits you with a +0 whip.
Ashenzari invites you to partake of a vision and a curse of cunning and melee combat.
There is a large open door here.
You see here a +0 club.
Okay, then.
Your +0 cloak glows black for a moment.
Ashenzari will now reveal the unseen.
The hobgoblin hits you.
You closely miss the hobgoblin. The hobgoblin barely misses you.
You hit the hobgoblin.
The hobgoblin is almost dead.
The hobgoblin hits you.
You hit the hobgoblin but do no damage.
The hobgoblin is almost dead.
The hobgoblin barely misses you.
You hit the hobgoblin but do no damage.
The hobgoblin is almost dead.
You closely miss the hobgoblin.
The hobgoblin is almost dead.
The hobgoblin barely misses you.
You hit the hobgoblin.
You kill the hobgoblin!
The gnoll hits you with a +0 spear.
* * * LOW HITPOINT WARNING * * *
You barely miss the gnoll. Your punch misses the gnoll.
The gnoll hits you with a +0 spear!
* * * LOW HITPOINT WARNING * * *
The gnoll hits you from afar with a +0 spear.
You die...

....# #......(.# ##.## ..# ....#
########### #..# #.# #...#
##≈≈≈≈§§§≈## ##.## #.# ##g##
##≈§.§§.§.≈≈## #..# #.# ##.#
##≈§...≈≈...≈≈## ##.# #.#
.#g######≈≈....≈≈....≈≈####.###..
.#....##§≈.....≈≈..)..≈§##.......
.'g####≈≈§....g§§....§§≈≈#.....##
.#.# #§§.....≈§@≈)...§.≈#.....#
.#.####≈§...§§§§§§§§§§§§§#.....#
##....')§≈≈§§§§§§≈§§≈≈≈.≈#.....#
##.##.'.§≈≈≈≈§≈≈§≈§≈≈§≈.≈#...'##
##.####≈...gg≈≈≈≈≈≈.....≈#...'.#
.#.# #≈.....†§§≈§......≈#..(#.#
.#.# #≈≈......§≈......≈≈#...#.##
.'.# ##§≈.....§≈.....§≈######..#
.#.# ##§≈....≈≈....≈≈########'#


You could see a gnoll.

Vanquished Creatures
  A gnoll shaman (D:2)
  Crazy Yiuf (D:2)
  A gnoll (D:2)
  An adder (D:2)
  A dart slug (D:2)
  4 endoplasms
  3 giant cockroaches
  5 goblins
  4 hobgoblins
  3 jackals (D:1)
  3 kobolds (D:1)
  A quokka (D:2)
  3 ball pythons
  4 bats
  3 frilled lizards (D:1)
  2 rats (D:2)
40 creatures vanquished.

Vanquished Creatures (others)
  43 foxfires
43 creatures vanquished.

Grand Total: 83 creatures vanquished

Notes
Turn   | Place    | Note
-------+----------+-------------------------------------------
     0 | D:1      | Fingolfin the Djinni Fire Elementalist began the quest for
                  | the Orb.
     0 | D:1      | Reached XP level 1. HP: 15/15 MP: 0/0
    28 | D:1      | Found a faded altar of an unknown god.
    42 | D:1      | Prayed at the altar of an unknown god.
    42 | D:1      | Became a worshipper of Ashenzari the Shackled
   210 | D:1      | Reached skill level 1 in Fighting
   212 | D:1      | Reached XP level 2. HP: 18/22 MP: 0/0
   824 | D:1      | Reached XP level 3. HP: 21/28 MP: 0/0
   824 | D:1      | Learned a level 1 spell: Sandblast
  1065 | D:2      | Reached * piety under Ashenzari
  1193 | D:2      | Found a runed translucent door.
  1194 | D:2      | Noticed Crazy Yiuf
  1211 | D:2      | HP: 1/29 [Crazy Yiuf (6)]
  1238 | D:2      | Killed Crazy Yiuf
  1239 | D:2      | Reached XP level 4. HP: 3/35 MP: 0/0
  1720 | D:2      | HP: 1/35 [gnoll (6)]
  1997 | D:2      | Reached XP level 5. HP: 25/40 MP: 0/0
  1997 | D:2      | Learned a level 2 spell: Blink
  2095 | D:2      | Reached ** piety under Ashenzari
  2114 | D:2      | Slain by a gnoll

Illustrated notes

Levels and vault maps discovered:
D:1:      ebering_trefoil_3fold, layout_loops_ring,
          ebering_ecumenical_altar_mist, minmay_tetromino_i2
D:2:      layout_basic, basic_altar, kennysheep_cross_room,
          minmay_quadrilaterals, uniq_crazy_yiuf_cottage

Skill      XL: |  1  2  3  4 |
---------------+-------------+-----
Fighting       | 1 2 3 |  3.6
Spellcasting   | 3 |  3.0
Short Blades   | |  0.4
Dodging        | |  2.2
Stealth        | |  1.5

Action                   |  1- 3 |  4- 6 || total
-------------------------+-------+-------++-------
Melee: Dagger            |    35 |    36 ||    71
       Punch             |     1 |       ||     1
 Cast: Foxfire           |    12 |    13 ||    25
       Scorch            |     9 |       ||     9
Invok: Curse Item        |     2 |     1 ||     3
  Use: Potion            |     1 |       ||     1
       Scroll            |       |     1 ||     1
Armor: Scale mail        |     9 |    11 ||    20
Dodge: Dodged            |    13 |    13 ||    26
